 Dungeon Sprint DCSS version 0.21-a0-338-g36cf2fc (webtiles) character file.

39382 Kidiri the Warrior (level 13, -10/152 HPs)
             Began as a Grey Draconian Berserker on Oct 3, 2017.
             Was a High Priest of Trog.
             Killed by the air
             ... invoked by a spriggan air mage
              (14 damage)
             ... in the Dungeon (Sprint IX: "|||||||||||||||||||||||||||||").
             The game lasted 00:18:57 (5307 turns).

Kidiri the Warrior (Grey Draconian Berserker)       Turns: 5307, Time: 00:18:58

Health: -10/152    AC: 17    Str: 25 (26) XL:     13   Next: 68%
Magic:  21/21      EV: 24    Int:  9      God:    Trog [*****.]
Gold:   1075       SH:  0    Dex: 14      Spells: 12/12 levels left

rFire    . . .     SeeInvis .   T - +8 great sword of the Harvest {freeze, rPois}
rCold    . . .     Gourm    .   (shield currently unavailable)
rNeg     . . .     Faith    .   (armour unavailable)
rPois    +         Spirit   .   (helmet restricted)
rElec    .         Reflect  .   O - +1 cloak
rCorr    .         Harm     .   y - +0 pair of gloves
MR       ++...     NoTele   +   x - +0 pair of boots
Stlth    +.........             (no amulet)
HPRegen  1.35/turn              m - +3 ring of strength
MPRegen  0.17/turn              n - +3 ring of dexterity

@: berserk cooldown, regenerating, slowed, very slow
A: walk through water, unfitting armour, antennae 1, talons 1, deterioration 1,
robust 1, unbreathing, cold-blooded, subdued magic 1, AC +13
a: Berserk, Trog's Hand, Brothers in Arms, Burn Spellbooks, Renounce Religion


You were in the Dungeon.
You worshipped Trog.
Trog was extremely pleased with you.
You were near starving.

You visited 1 branch You collected 1945 gold pieces.
You spent 870 gold pieces at shops.

Inventory:

Hand Weapons
 A - a +0 blowgun
 I - a +4 great sword of holy wrath
 T - the +8 great sword of the Harvest (weapon) {freeze, rPois}
   (Trog gifted it to you in the Dungeon)

   It has been specially enchanted to freeze those struck by it, causing extra
   injury to most foes and up to half again as much damage against particularly
   susceptible opponents.
   It can also slow down cold-blooded creatures.
   It protects you from poison.
Missiles
 o - 7 javelins of returning
 s - 7 exploding tomahawks
 t - 10 silver tomahawks
 z - 27 curare-tipped needles
 B - 5 javelins
 D - 9 silver javelins
 E - 5 steel javelins
 S - a throwing net (quivered)
 U - 10 needles of confusion
 V - 5 steel tomahawks
 W - 8 tomahawks of dispersal
 X - 7 javelins of penetration
 Z - 7 poisoned javelins
Armour
 x - a +0 pair of boots (worn)
 y - a +0 pair of gloves (worn)
 O - a +1 cloak (worn)
Jewellery
 m - a +3 ring of strength (left hand)
 n - a +3 ring of dexterity (right hand)
 K - an uncursed ring of protection from magic
 L - an uncursed ring of protection from magic
 M - an uncursed ring of protection from cold
 N - an uncursed ring of protection from fire
Wands
 l - a wand of iceblast (7/15)
 u - a wand of polymorph (14/24)
 Y - a wand of clouds (8/9)
Scrolls
 h - 4 scrolls of blinking
 i - a scroll of fog
 k - 3 scrolls of remove curse
 p - 8 scrolls of enchant weapon
 q - 2 scrolls of identify
 Q - a scroll of fear
 R - a scroll of recharging
Potions
 a - a potion of lignification
 c - 6 potions of curing
 d - 11 potions of heal wounds
 e - 3 potions of haste
 f - 4 potions of magic
 g - a potion of berserk rage
 j - 2 potions of invisibility
 r - a potion of flight
 C - 3 potions of might
 F - 2 potions of agility
 H - a potion of cancellation
 J - a potion of ambrosia
 P - a potion of brilliance
Comestibles
 b - 13 bread rations
 v - 17 fruits
 w - 12 meat rations
 G - 2 chunks of flesh


   Skills:
 * Level 20.0 Fighting
 * Level 18.5 Long Blades
 + Level 12.5 Throwing
 * Level 17.2 Dodging
 + Level 11.7 Evocations


You had 12 spell levels left.
You didn't know any spells.

Dungeon Overview and Level Annotations

Branches:
Dungeon (1/1)

Altars:
Cheibriados
Dithmenos
Elyvilon
Fedhas
Gozag
Hepliaklqana
Kikubaaqudgha
Makhleb
Nemelex Xobeh
Okawaru
Qazlal
Ru
Sif Muna
Trog
Uskayaw
Vehumet
Wu Jian
Xom
Yredelemnul
Zin
The Shining One
Beogh
Jiyva
Lugonu

Shops:
D !*%%


Innate Abilities, Weirdness & Mutations

You can walk through water.
Your dull iron-grey scales are very hard. (AC +13)
You cannot fit into any form of body armour.
You can survive without breathing.
You are cold-blooded and may be slowed by cold attacks.
You have a pair of small antennae on your head.
You have sharp toenails.
Your body sometimes deteriorates upon taking damage.
You are robust. (+10% HP)
Your spells are a little easier to cast, but a little less powerful.


Message History

The rakshasa is severely wounded.
You are no longer berserk.
You are exhausted.
You feel yourself slow down.
You miss the rakshasa.
The rakshasa is severely wounded.
The rakshasa barely misses you.
You riposte.
You slice the rakshasa!! You freeze the rakshasa!
You kill the rakshasa!
Trog accepts your kill.
The stone giant shimmers and vanishes!
Your Fighting skill increases to level 20!
Your troll goes berserk!
You are near starving!
The stone giant throws a large rock.
The large rock hits you!!
* * * LOW HITPOINT WARNING * * *
Your body deteriorates!
You feel weakened.
The spriggan air mage waves its arms in wide circles.
The air twists around and strikes you!
You die...

▓.▓.▓.▓[▓.▓.▓.▓.
▓Q▓.▓'▓.▓.▓.▓.▓.▓.
▓.▓.♣.♣.▓[▓.▓.▓.▓.
▓.▓.♣.♣.▓.▓.▓.▓.▓.
▓i▓)♣.♣.▓)▓.▓.▓.▓.
▓.▓.♣.♣.▓)▓.▓.▓.▓'
▓C▓.♣.♣.▓)▓.▓.▓.▓)
▓)▓.♣.♣.▓)▓.▓)▓.▓.
▓@▓.♣.♣.▓)▓.▓.▓.▓.
▓T▓.♣.♣.▓)▓.▓.▓.▓.
▓(▓.♣.♣.▓)▓.▓)▓.▓.
▓(▓.♣'♣.▓)▓.▓[▓.▓(
▓.▓.▓.▓.▓.▓.▓[▓.▓.
▓.▓.▓.▓.▓.▓.▓'▓.▓.
▓.▓.▓.▓.▓.▓.▓.▓.▓.
▓.▓.▓.▓.▓.▓.▓.▓.▓.
▓.▓.▓.▓.▓.▓.▓.▓.▓.


You could see a stone giant, a tengu warrior (wandering), a spriggan air mage
and a friendly troll (berserk).

Vanquished Creatures
  Rupert (D)
  Kirke (D)
  A frost giant (D)
  2 very ugly things (D)
  2 merfolk impalers (D)
  A great orb of eyes (D)
  3 hydras (D)
  2 rakshasas (D)
  3 naga warriors (D)
  Erolcha (D)
  3 centaur warriors (D)
  An anaconda (D)
  A satyr (D)
  Urug (D)
  A hell knight (D)
  A sea snake (D)
  A lindwurm (D)
  2 orc knights (D)
  A shambling mangrove (D)
  A deep troll (D)
  An ugly thing (D)
  A deep elf mage (D)
  A manticore (D)
  Psyche (D)
  A black mamba (D)
  2 spiny frogs (D)
  A komodo dragon (D)
  A rime drake (D)
  3 merfolk (D)
  3 tyrant leeches (D)
  4 trolls (D)
  A hornet (D)
  2 bog bodies (D)
  3 hippogriffs (D)
  A wyvern (D)
  A water elemental (D)
  2 basilisks (D)
  3 humans (D)
  3 yaks (D)
  3 hogs (D)
  A hungry ghost (D)
  A vampire mosquito (D)
  4 porcupines (D)
  A black bear (D)
  5 orc warriors (D)
  An ice beast (D)
  A wolf (D)
  A crocodile (D)
  A centaur (D)
  A big kobold (shapeshifter) (D)
  2 bullfrogs (D)
  A scorpion (D)
  A crimson imp (D)
  6 orc wizards (D)
  3 worker ants (D)
  A shadow imp (D)
  An adder skeleton (D)
  5 orcs (D)
  2 bats (D)
  A bat skeleton (D)
  A hobgoblin (D)
  A jackal (D)
  A ball python (D)
  A kobold (D)
112 creatures vanquished.

Vanquished Creatures (collateral kills)
  A frost giant (D)
  A very ugly thing (D)
  An entropy weaver (D)
  2 ettins (D)
  2 ogre magi (D)
  A fire dragon (D)
  A naga warrior (D)
  A centaur warrior (D)
  An orc high priest (D)
  5 deep trolls (D)
  An orb spider (D)
  A mana viper (D)
  2 manticores (D)
  2 black mambas (D)
  A moth of wrath (D)
  A demonic crawler (D)
  A jumping spider (D)
  A troll (D)
  2 tyrant leeches (D)
  A hornet (D)
  A tarantella (D)
  2 redbacks (D)
  6 orc warriors (D)
  A bullfrog (D)
  A jelly (D)
  An orc priest (D)
  3 worms (D)
  2 orcs (D)
46 creatures vanquished.

Grand Total: 158 creatures vanquished

Notes
Turn   | Place    | Note
-------+----------+-------------------------------------------
     0 | D        | Kidiri the Draconian Berserker began the quest for the Orb.
     0 | D        | Reached XP level 1. HP: 19/19 MP: 1/1
     6 | D        | Reached ** piety under Trog
   102 | D        | Noticed an orc wizard
   102 | D        | Noticed a crimson imp
   102 | D        | Noticed a scorpion
   105 | D        | Killed a scorpion
   105 | D        | Reached skill level 5 in Fighting
   105 | D        | Reached XP level 2. HP: 29/29 MP: 2/2
   105 | D        | Reached XP level 3. HP: 36/36 MP: 3/3
   106 | D        | Reached *** piety under Trog
   108 | D        | Reached skill level 6 in Fighting
   108 | D        | Reached skill level 5 in Long Blades
   108 | D        | Reached XP level 4. HP: 44/44 MP: 4/4
   109 | D        | Reached skill level 5 in Dodging
   117 | D        | Reached **** piety under Trog
   128 | D        | Found a roughly hewn altar of Beogh.
   128 | D        | Found a snail-covered altar of Cheibriados.
   128 | D        | Found a shadowy altar of Dithmenos.
   128 | D        | Found a white marble altar of Elyvilon.
   128 | D        | Found a blossoming altar of Fedhas.
   128 | D        | Found an opulent altar of Gozag.
   129 | D        | Found a hazy altar of Hepliaklqana.
   130 | D        | Found a viscous altar of Jiyva.
   131 | D        | Found an ancient bone altar of Kikubaaqudgha.
   132 | D        | Found a corrupted altar of Lugonu.
   133 | D        | Found a burning altar of Makhleb.
   134 | D        | Found a sparkling altar of Nemelex Xobeh.
   135 | D        | Found an iron altar of Okawaru.
   136 | D        | Found a stormy altar of Qazlal.
   137 | D        | Found a sacrificial altar of Ru.
   138 | D        | Found a deep blue altar of Sif Muna.
   139 | D        | Found a bloodstained altar of Trog.
   140 | D        | Found a hide-covered altar of Uskayaw.
   141 | D        | Found a radiant altar of Vehumet.
   142 | D        | Found an ornate altar of the Wu Jian Council.
   143 | D        | Found a shimmering altar of Xom.
   144 | D        | Found a basalt altar of Yredelemnul.
   145 | D        | Found a glowing silver altar of Zin.
   146 | D        | Found a glowing golden altar of the Shining One.
   186 | D        | Noticed a komodo dragon
   186 | D        | Noticed a hippogriff
   192 | D        | Killed a hippogriff
   192 | D        | Reached skill level 8 in Fighting
   192 | D        | Reached XP level 5. HP: 53/53 MP: 5/5
   192 | D        | Reached XP level 6. HP: 61/61 MP: 6/6
   197 | D        | Killed a komodo dragon
   197 | D        | Reached skill level 9 in Fighting
   197 | D        | Reached skill level 5 in Throwing
   197 | D        | Your scales start taking on a dull iron-grey colour.
   197 | D        | Reached XP level 7. HP: 58/70 MP: 7/7
   197 | D        | Gained mutation: You can survive without breathing. [Grey Draconian growth]
   205 | D        | Reached ***** piety under Trog
   342 | D        | Noticed a deep elf mage
   342 | D        | Noticed a centaur warrior
   352 | D        | Killed a deep elf mage
   352 | D        | Received a gift from Trog
   352 | D        | Reached skill level 10 in Fighting
   352 | D        | Reached skill level 10 in Long Blades
   352 | D        | Reached XP level 8. HP: 81/81 MP: 8/8
   361 | D        | Killed a centaur warrior
   361 | D        | Received a gift from Trog
   361 | D        | Reached skill level 11 in Fighting
   361 | D        | Reached skill level 10 in Dodging
   650 | D        | Gained mutation: Your flesh is cold resistant. (rC+) [potion of mutation]
   650 | D        | Gained mutation: Your flesh is heat resistant. (rF+) [potion of mutation]
   675 | D        | Received a gift from Trog
   675 | D        | Reached skill level 12 in Fighting
   676 | D        | Reached skill level 1 in Evocations
   676 | D        | Reached XP level 9. HP: 90/90 MP: 9/9
   694 | D        | Received a gift from Trog
   765 | D        | Noticed a rime drake
   770 | D        | Noticed a four-headed hydra
   775 | D        | Noticed a spiny frog
   778 | D        | Received a gift from Trog
   778 | D        | Reached skill level 13 in Fighting
   784 | D        | Killed an eight-headed hydra
   784 | D        | Received a gift from Trog
   786 | D        | Reached XP level 10. HP: 101/101 MP: 11/13
   798 | D        | Killed a spiny frog
   980 | D        | Noticed a lindwurm
   991 | D        | Reached skill level 14 in Fighting
  1000 | D        | Received a gift from Trog
  1000 | D        | Reached skill level 5 in Evocations
  1006 | D        | Killed a lindwurm
  1006 | D        | Reached ****** piety under Trog
  1021 | D        | Received a gift from Trog
  1165 | D        | Noticed Erolcha
  1175 | D        | Killed Erolcha
  1175 | D        | Received a gift from Trog
  1187 | D        | Noticed Sonja
  1207 | D        | Noticed Sonja
  1207 | D        | Sonja changed into Sonja the ice beast
  1210 | D        | Killed Sonja the ice beast
  1289 | D        | Received a gift from Trog
  1294 | D        | Received a gift from Trog
  1299 | D        | Received a gift from Trog
  1454 | D        | Noticed an orc high priest
  1456 | D        | Received a gift from Trog
  1461 | D        | Killed an orc high priest
  1463 | D        | Reached skill level 15 in Fighting
  1467 | D        | Reached XP level 11. HP: 112/112 MP: 5/15
  1474 | D        | Received a gift from Trog
  1475 | D        | Noticed an orc knight
  1478 | D        | Noticed an orc knight
  1485 | D        | Killed an orc knight
  1489 | D        | Killed an orc knight
  1860 | D        | Found Soxicej's Food Boutique.
  1860 | D        | Noticed a deep troll
  1860 | D        | Noticed a deep troll
  1863 | D        | Noticed an ettin
  1866 | D        | Killed a deep troll
  1870 | D        | Killed a deep troll
  1876 | D        | Noticed a deep troll
  1879 | D        | Received a gift from Trog
  1885 | D        | Killed an ettin
  1885 | D        | Received a gift from Trog
  1887 | D        | Killed a deep troll
  1900 | D        | Found Lehaofeg's Food Shop.
  1909 | D        | Found Jouh's General Store.
  1913 | D        | Found Edoingu's Distillery.
  1916 | D        | Noticed a deep troll
  1917 | D        | Noticed a deep troll
  1918 | D        | Noticed an ogre mage
  1930 | D        | Killed a deep troll
  1930 | D        | Reached skill level 16 in Fighting
  1932 | D        | Noticed a deep troll
  1932 | D        | Killed a deep troll
  1933 | D        | Killed an ogre mage
  1933 | D        | Reached skill level 10 in Throwing
  1936 | D        | Killed a deep troll
  1936 | D        | Reached skill level 15 in Long Blades
  2019 | D        | Bought a scroll of identify for 26 gold pieces
  2019 | D        | Bought a scroll of identify for 26 gold pieces
  2019 | D        | Bought a scroll of identify for 26 gold pieces
  2021 | D        | Bought a potion of curing for 36 gold pieces
  2021 | D        | Bought a potion of flight for 36 gold pieces
  2021 | D        | Bought a potion of might for 48 gold pieces
  2021 | D        | Bought 2 potions of agility for 96 gold pieces
  2021 | D        | Bought 2 potions of mutation for 192 gold pieces
  2021 | D        | Bought a potion of might for 48 gold pieces
  2021 | D        | Bought a potion of invisibility for 96 gold pieces
  2021 | D        | Bought a potion of might for 48 gold pieces
  2021 | D        | Bought a potion of cancellation for 96 gold pieces
  2021 | D        | Bought a potion of ambrosia for 96 gold pieces
  2203 | D        | Noticed Psyche
  2213 | D        | Killed Psyche
  2441 | D        | Noticed a centaur warrior
  2444 | D        | Received a gift from Trog
  2453 | D        | Noticed a frost giant
  2464 | D        | Killed a frost giant
  2464 | D        | Received a gift from Trog
  2467 | D        | Killed a centaur warrior
  2752 | D        | Noticed a great orb of eyes
  2753 | D        | Noticed a centaur warrior
  2754 | D        | Noticed a green ugly thing
  2755 | D        | Noticed a white very ugly thing
  2758 | D        | Noticed a rakshasa
  2761 | D        | Killed a great orb of eyes
  2761 | D        | Received a gift from Trog
  2761 | D        | Reached XP level 12. HP: 124/124 MP: 6/18
  2771 | D        | Killed a white very ugly thing
  2771 | D        | Reached skill level 17 in Fighting
  2773 | D        | Killed a centaur warrior
  2778 | D        | Received a gift from Trog
  2790 | D        | Killed a rakshasa
  2790 | D        | Reached skill level 15 in Dodging
  2797 | D        | Gained mutation: Your tail ends in a poisonous barb. [mutagenic meat]
  2798 | D        | Lost mutation: Your flesh is cold resistant. (rC+) [potion of mutation]
  2798 | D        | Lost mutation: Your tail ends in a poisonous barb. [potion of mutation]
  2798 | D        | Lost mutation: Your flesh is heat resistant. (rF+) [potion of mutation]
  2798 | D        | Gained mutation: You have a pair of small horns on your head. [potion of mutation]
  2798 | D        | Gained mutation: You possess an exceptional clarity of mind. [potion of mutation]
  2799 | D        | Lost mutation: You possess an exceptional clarity of mind. [potion of mutation]
  2799 | D        | Lost mutation: You have a pair of small horns on your head. [potion of mutation]
  2799 | D        | Gained mutation: Your body sometimes deteriorates upon taking damage. [potion of mutation]
  2799 | D        | Gained mutation: You are robust. (+10% HP) [potion of mutation]
  2799 | D        | Gained mutation: Your spells are a little easier to cast, but a little less powerful. [potion of mutation]
  2799 | D        | Gained mutation: You have a pair of small antennae on your head. [potion of mutation]
  2803 | D        | Gained mutation: You have sharp toenails. [mutagenic meat]
  2937 | D        | Noticed an eight-headed hydra
  2937 | D        | Noticed a five-headed hydra
  2942 | D        | Killed an eight-headed hydra
  2946 | D        | Killed an 11-headed hydra
  2956 | D        | Received a gift from Trog
  2959 | D        | Received a gift from Trog
  2970 | D        | Got a polished quarterstaff {god gift}
  2980 | D        | Identified the +5 quarterstaff "Icseicviuk" {crush, Str+3} (Trog gifted it to you in the Dungeon)
  3299 | D        | Noticed an entropy weaver
  3303 | D        | Killed an entropy weaver
  3303 | D        | Reached skill level 18 in Fighting
  3306 | D        | Received a gift from Trog
  3312 | D        | Received a gift from Trog
  3344 | D        | Noticed a merfolk impaler
  3344 | D        | Noticed a satyr
  3344 | D        | Noticed a merfolk impaler
  3351 | D        | Received a gift from Trog
  3351 | D        | Reached skill level 10 in Evocations
  3353 | D        | Killed a merfolk impaler
  3356 | D        | Killed a merfolk impaler
  3357 | D        | Killed a satyr
  3358 | D        | Received a gift from Trog
  3358 | D        | Reached XP level 13. HP: 120/149 MP: 6/20
  3521 | D        | Received a gift from Trog
  3531 | D        | Received a gift from Trog
  3547 | D        | Received a gift from Trog
  3562 | D        | Reached skill level 19 in Fighting
  3566 | D        | Received a gift from Trog
  5049 | D        | Noticed Urug
  5056 | D        | Killed Urug
  5116 | D        | Noticed Kirke
  5118 | D        | Received a gift from Trog
  5120 | D        | Killed Kirke
  5143 | D        | Got a translucent great sword {god gift}
  5144 | D        | Identified the +8 great sword of the Harvest {freeze, rPois} (Trog gifted it to you in the Dungeon)
  5187 | D        | Noticed Rupert
  5187 | D        | Paralysed by Rupert for 4 turns
  5213 | D        | Killed Rupert
  5268 | D        | Noticed an ettin
  5268 | D        | Noticed a fire dragon
  5269 | D        | Noticed a frost giant
  5274 | D        | Killed a fire dragon
  5276 | D        | Killed an ettin
  5276 | D        | Received a gift from Trog
  5281 | D        | Killed a frost giant
  5283 | D        | Noticed a red very ugly thing
  5284 | D        | Received a gift from Trog
  5286 | D        | Received a gift from Trog
  5288 | D        | Killed a red very ugly thing
  5289 | D        | Noticed a white very ugly thing
  5290 | D        | Noticed a stone giant
  5295 | D        | Received a gift from Trog
  5300 | D        | Killed a white very ugly thing
  5306 | D        | Reached skill level 20 in Fighting
  5307 | D        | HP: 4/152 [stone giant/large rock (28)]
  5307 | D        | Killed from afar by a spriggan air mage

Vault maps used:
D:        linesprint

Skill      XL: |  1  2  3  4  5  6  7  8  9 10 11 12 13 |
---------------+----------------------------------------+-----
Dodging        | 4 6 8 9 10 11 12 14 16 17 | 17.2
Fighting       | 5 6 8 9 10 12 13 15 16 18 20 | 20.0
Long Blades    | 4 5 7 8 10 11 12 13 15 17 18 | 18.5
Throwing       | 2 4 5 6 7 8 9 10 11 12 | 12.5
Evocations     | 1 4 6 8 10 11 | 11.7

Action                   |  1- 3 |  4- 6 |  7- 9 | 10-12 | 13-15 || total
-------------------------+-------+-------+-------+-------+-------++-------
Melee: Falchion          |    12 |     8 |       |       |       ||    20
       Tailslap          |     2 |     4 |    20 |    42 |    12 ||    80
       Scimitar          |       |    11 |    81 |    50 |       ||   142
       Great sword       |       |       |       |   132 |    49 ||   181
Throw: Javelin           |       |       |       |    19 |    17 ||    36
       Throwing net      |       |       |       |       |     1 ||     1
Invok: Berserk           |     1 |     1 |     3 |     7 |     3 ||    15
       Trog's Hand       |       |       |     2 |     6 |     2 ||    10
       Brothers in Arms  |       |       |     1 |    11 |     6 ||    18
Evoke: Wand              |       |       |       |     2 |       ||     2
  Use: Potion            |       |       |     1 |     4 |     1 ||     6
       Scroll            |       |       |       |     1 |       ||     1
 Stab: Sleeping          |       |       |       |     1 |       ||     1
       Distracted        |       |       |       |       |     1 ||     1
  Eat: Chunk             |       |       |     4 |    12 |     3 ||    19
       Fruit             |       |       |       |    23 |       ||    23
Armor: Skin              |     2 |     6 |    23 |    49 |     7 ||    87
Dodge: Dodged            |     4 |     6 |    49 |   164 |    36 ||   259
       Rpst.: Falchion   |     1 |     1 |       |       |       ||     2
       Scimitar          |       |       |    16 |     3 |       ||    19
       Great sword       |       |       |       |    31 |     7 ||    38

Table legend:
 A = Spawn XP
 B = Non-spawn XP
 C = Spawn XP percentage of total XP
 D = Spawn monster count
 E = Non-spawn monster count
 F = Spawn count percentage of total count
 G = Total turns spent on level
                    A         B        C        D         E        F      G
               +---------+---------+-------+---------+---------+-------+---------
         Total |       0 |   56260 |   0.0 |       0 |     155 |   0.0 |  5307
               +---------+---------+-------+---------+---------+-------+---------
             D |       0 |   56260 |   0.0 |       0 |     155 |   0.0 |  5307
               +---------+---------+-------+---------+---------+-------+---------
